 Dungeon Crawl Stone Soup version bcrawl-1.40.3b (webtiles) character file.

Game seed: 5004811371472171185

136096 yrara the Skirmisher (level 3, -6/29 HPs)
             Began as a Demonspawn Fighter on Dec 6, 2023.
             Asphyxiated
             ... on level 3 of the Dungeon.
             The game lasted 00:01:27 (1403 turns).

yrara the Skirmisher (Demonspawn Fighter)           Turns: 1403, Time: 00:01:27

Health: -6/29      AC:  9    Str: 16    XL:     3   Next: 96%
Magic:  3/3        EV:  9    Int:  9    God:
Gold:   97         SH:  0    Dex: 13    Spells: 2/2 levels left

rFire    . . .     GDR:     28% a - +0 flail
rCold    . . .     SeeInvis .   (no shield)
rNeg     . . .     Gourm    .   b - +0 scale mail
rPois    .         Faith    .   (helmet restricted)
rElec    .         Spirit   .   m - +0 cloak
rCorr    .         Reflect  .   (no gloves)
MR       +....                  f - +0 pair of boots
Stlth    ..........             k - amulet of regeneration
HPRegen  0.23/turn              j - ring of protection from magic
MPRegen  0.08/turn              (no ring)

@: lethally poisoned (-6 -> -18)
A: antennae 1, rot immunity
a: no special abilities


You were on level 3 of the Dungeon.
You were hungry.

You visited 1 branch of the dungeon, and saw 3 of its levels.

You collected 97 gold pieces.

Inventory:

Hand Weapons
 a - a +0 flail (weapon)
Missiles
 n - 405 arrows
Armour
 b - a +0 scale mail (worn)
 c - a +0 medium shield
 f - a +0 pair of boots (worn)
 m - a +0 cloak (worn)
Jewellery
 j - a ring of protection from magic (left hand)
 k - an amulet of regeneration (around neck)
Scrolls
 h - 2 scrolls of teleportation
Potions
 d - a potion of might
 l - a potion of cancellation
 p - a potion of degeneration {unknown}
Comestibles
 e - 9 rations {!d}


   Skills:
 + Level 3.6 Fighting
 * Level 3.0 Maces & Flails
 + Level 3.1 Armour
 - Level 2.6 Shields


You had 2 spell levels left.
You didn't know any spells.
Your spell library was empty.

Dungeon Overview and Level Annotations

Branches:
Dungeon (3/12)

Altars:
Ashenzari
Dithmenos
Xom


Innate Abilities, Weirdness & Mutations

You have a pair of small antennae on your head.
You are immune to rotting.


Message History

You closely miss the kobold.
You feel sick. The kobold closely misses you. The rat barely misses you.
You closely miss the kobold. The kobold hits you but does no damage.
The rat barely misses you.
You hit the kobold.
The kobold is moderately wounded.
You feel sick. The kobold closely misses you.
The rat bites you but does no damage.
You closely miss the kobold. The kobold hits you. The rat bites you.
* * * LOW HITPOINT WARNING * * *
The kobold hits you but does no damage. The rat bites you.
* * * LOW HITPOINT WARNING * * *
Your scale mail prevents you from hitting the kobold.
The kobold barely misses you. The rat bites you but does no damage.
The kobold wields a +0 blowgun.
The kobold shoots a curare-tipped needle.
The curare-tipped needle hits you.
You are lethally poisoned!
You have difficulty breathing.
You die...

.. ....# .#
#...# ..
+...#.$ ###...
.# .#
#.#.###[# .
#.†.#...#...
#<).#"....#
#...@.###.# .
#.###.#...#...
#.#.rK#.....#.
#.#...).%.....
#...#..##..##.
#...#... .#
######...
#.... #.....


You could see a kobold.

Vanquished Creatures
  A howler monkey skeleton (D:3)
  3 dart slugs
  A leopard gecko (D:1)
  3 giant cockroaches
  5 hobgoblins
  4 jackals (D:3)
  A quokka (D:3)
  7 bats
  6 frilled lizards
  7 goblins
  8 kobolds
  5 rats
51 creatures vanquished.

Notes
Turn   | Place    | Note
-------+----------+-------------------------------------------
     0 | D:1      | yrara the Demonspawn Fighter began the quest for the Orb.
     0 | D:1      | Reached XP level 1. HP: 18/18 MP: 1/1
    49 | D:1      | Gained mutation: You are immune to rotting. [demonic
                  | ancestry]
    49 | D:1      | Reached XP level 2. HP: 21/24 MP: 2/2
   386 | D:1      | Gained mutation: You have a pair of small antennae on your
                  | head. [demonic ancestry]
   386 | D:1      | Reached XP level 3. HP: 27/29 MP: 3/3
  1071 | D:2      | Found a shimmering altar of Xom.
  1071 | D:2      | Found a shattered altar of Ashenzari.
  1079 | D:2      | Found a shadowy altar of Dithmenos.
  1085 | D:2      | Found a faded altar of an unknown god.
  1087 | D:2      | Found a faded altar of an unknown god.
  1403 | D:3      | Asphyxiated

Skill      XL: |  1  2  3 |
---------------+----------+-----
Maces & Flails | 2 3 |  3.0
Armour         | 3 |  3.1
Fighting       | |  3.6
Shields        | |  2.6

Action                   || total
-------------------------++-------
Melee: Flail             ||   142
  Use: Scroll            ||     6
  Eat: Chunk             ||     5
Armor: Scale mail        ||    76
Dodge: Dodged            ||   101
